 Dungeon Crawl Stone Soup version 0.19-a0-583-g665d810 (webtiles) character file.

778 TheGoonsmith the Conjurer (level 7, -3/50 HPs)
             Began as a Pale Draconian Conjurer on June 9, 2016.
             Was a Believer of Vehumet.
             Slain by a wraith (8 damage)
             ... in an ossuary.
             The game lasted 00:08:19 (5628 turns).

TheGoonsmith the Conjurer (Pale Draconian Conjurer) Turns: 5628, Time: 00:08:20

Health: -3/50      AC: 12    Str: 11    XL:     7   Next: 54%
Magic:  10/14      EV: 12    Int: 17    God:    Vehumet [**....]
Gold:   159        SH:  0    Dex: 11    Spells: 4 memorised, 4 levels left

rFire  . . .     SeeInvis .     k - +0 quarterstaff (speed)
rCold  . . .     Gourm    .     (armour unavailable)
rNeg   . . .     Faith    .     (shield currently unavailable)
rPois  .         Spirit   .     (helmet restricted)
rElec  .         Dismiss  .     (no cloak)
rCorr  .         Reflect  .     (no gloves)
SustAt .         Harm     .     (no boots)
MR     .....                    (no amulet)
Stlth  ++........               v - +3 ring of protection
                                e - +3 ring of protection

@: short of breath, very slightly contaminated, slowed, very slow, not resistant
to hostile enchantments, unstealthy
A: breathe steam, unfitting armour, cold-blooded, AC +6
a: Breathe Steam, Renounce Religion


You were in an ossuary.
You worshipped Vehumet.
Vehumet was pleased with you.
You were not hungry.

You visited 1 branch of the dungeon, and saw 5 of its levels.
You also visited: Ossuary.

You collected 159 gold pieces.

Inventory:

Hand Weapons
 f - a +1 whip
 k - a +0 quarterstaff of speed (weapon)
Jewellery
 e - a +3 ring of protection (left hand)
 g - an uncursed ring of fire
 j - an uncursed ring of protection from cold
 u - a cursed ring of teleportation {unknown}
 v - a +3 ring of protection (right hand)
Wands
 s - a wand of flame (39/48)
Scrolls
 c - 2 scrolls of identify
 h - a scroll of magic mapping
 n - a scroll of recharging
 x - a scroll of remove curse {unknown}
 y - a scroll of enchant weapon
Potions
 l - 2 potions of haste {unknown}
 o - 3 potions of curing
 p - a potion of invisibility {unknown}
 t - a potion of magic {unknown}
 w - a potion of agility {unknown}
 z - a potion of degeneration {unknown}
 A - a potion of heal wounds {unknown}
Books
 a - a book of Conjurations

   Spells                             Type                      Level
   a - Magic Dart                     Conjuration                  1
   b - Searing Ray                    Conjuration                  2
   c - Dazzling Spray                 Conjuration/Hexes            3
   d - Fulminant Prism                Conjuration/Hexes            4
   e - Iskenderun's Mystic Blast      Conjuration                  4
   f - Iskenderun's Battlesphere      Conjuration/Charms           5
Comestibles
 b - 4 bread rations
 d - a beef jerky
 i - a royal jelly
 q - a slice of pizza
 r - 2 meat rations


   Skills:
 - Level 1.7 Dodging
 - Level 1.7 Stealth
 - Level 5.0 Spellcasting
 + Level 7.5 Conjurations
 + Level 1.8 Hexes


You had 4 spell levels left.
You knew the following spells:

 Your Spells              Type           Power        Failure   Level  Hunger
a - Magic Dart            Conj           ####         1%          1    None
b - Searing Ray           Conj           ####..       1%          2    #......
c - Fulminant Prism       Conj/Hex       ###.......   24%         4    ####...
z - Iskenderun's Battles  Conj/Chrm      ###.....     82%         5    ######.


Dungeon Overview and Level Annotations

Branches:
Dungeon (5/15)
 Temple: D:4-7

Altars:
Ashenzari
Fedhas
Nemelex Xobeh
Okawaru
Pakellas
Qazlal
Sif Muna
Vehumet
Xom
Yredelemnul
Zin

Shops:
D:4 (


Innate Abilities, Weirdness & Mutations

You can breathe blasts of scalding, opaque steam.
Your pale cyan-grey scales are hard. (AC +6)
Your body does not fit into most forms of armour.
You are cold-blooded and may be slowed by cold attacks.


Message History

The wraith closely misses you. The wraith hits you but does no damage.
The gnoll skeleton hits you but does no damage.
Casting: Searing Ray
Confirm with . or Enter, or press ? or * to list all spells.
Aiming: Searing Ray
Press: ? - help, Shift-Dir - straight line, f/p - wraith
Aim: a wraith (almost destroyed)
The searing ray hits the wraith.
The wraith is almost destroyed.
The wraith closely misses you. The gnoll skeleton hits you.
* * * LOW HITPOINT WARNING * * *
The wraith hits you.
* * * LOW HITPOINT WARNING * * *
The wraith drains your vigour!
You feel as though you will be slow longer.
The searing ray hits the wraith.
The wraith is almost destroyed.
The gnoll skeleton closely misses you. The wraith hits you!
You die...

#####+#####
##.....W@..##
##...#####Z..##
##...##...##...##
#...##.?!!.##...#
+...'.!.!...#Z..+
#...##.!?!.##...#
##...##...##...##
##...#####...## .
##.......Z.##...


You could see a wraith and 2 gnoll skeletons.

Vanquished Creatures
  The ghost of TheGoonsmith the Firebug, a novice OpFE of Vehumet (D:4)
  An orc warrior (D:4)
  A howler monkey (D:4)
  2 orc priests (D:4)
  2 orc wizards (D:4)
  A giant frog skeleton (D:4)
  2 worker ants (D:4)
  A mummy (Ossuary)
  8 adders
  An ooze (D:4)
  2 worms
  3 dart slugs
  2 giant geckos
  16 orcs
  A giant cockroach (D:1)
  2 gnoll zombies (D:2)
  6 goblins
  6 hobgoblins
  10 jackals
  3 quokkas
  2 ball pythons
  9 bats
  6 giant newts
  4 gnoll skeletons (Ossuary)
  12 kobolds
  2 kobold skeletons (Ossuary)
  5 orc skeletons (Ossuary)
  13 rats
124 creatures vanquished.

Notes
Turn   | Place    | Note
--------------------------------------------------------------
     0 | D:1      | TheGoonsmith the Draconian Conjurer began the quest for the Orb.
     0 | D:1      | Reached XP level 1. HP: 14/14 MP: 3/3
   319 | D:1      | Reached XP level 2. HP: 13/20 MP: 0/5
   827 | D:1      | Learned a level 2 spell: Searing Ray
   860 | D:1      | Reached XP level 3. HP: 26/26 MP: 2/6
  1466 | D:2      | Found a radiant altar of Vehumet.
  1466 | D:2      | Found an oddly glowing altar of Pakellas.
  1469 | D:2      | Found a sparkling altar of Nemelex Xobeh.
  1470 | D:2      | Found a deep blue altar of Sif Muna.
  1489 | D:2      | Found a shimmering altar of Xom.
  1495 | D:2      | Became a worshipper of Vehumet
  1559 | D:2      | Found a shattered altar of Ashenzari.
  1881 | D:2      | Reached skill level 5 in Conjurations
  1954 | D:2      | Reached XP level 4. HP: 33/33 MP: 0/8
  2334 | D:2      | Found a basalt altar of Yredelemnul.
  2514 | D:2      | Found a stormy altar of Qazlal.
  3124 | D:3      | Reached * piety under Vehumet
  3124 | D:3      | Offered knowledge of Shock by Vehumet.
  3210 | D:3      | Found an iron altar of Okawaru.
  3379 | D:3      | Found a glowing silver altar of Zin.
  3626 | D:4      | Reached XP level 5. HP: 38/38 MP: 7/10
  3918 | D:4      | Found Gonaizacw's Antique Weapon Emporium.
  3934 | D:4      | Noticed TheGoonsmith's ghost (novice OpFE)
  3942 | D:4      | Killed TheGoonsmith's ghost
  3942 | D:4      | Reached skill level 6 in Conjurations
  3942 | D:4      | Reached XP level 6. HP: 24/45 MP: 1/12
  4034 | D:4      | Learned a level 5 spell: Iskenderun's Battlesphere
  4039 | D:4      | Learned a level 4 spell: Fulminant Prism
  4104 | D:4      | Reached skill level 7 in Conjurations
  4363 | D:4      | Your scales start taking on a pale cyan-grey colour.
  4363 | D:4      | Reached XP level 7. HP: 50/50 MP: 5/14
  4466 | D:4      | HP: 2/50 [orc warrior/scimitar (6)]
  4874 | D:4      | Reached skill level 5 in Spellcasting
  4979 | D:4      | Found a blossoming altar of Fedhas.
  5001 | D:4      | Reached skill level 1 in Hexes
  5334 | D:5      | Entered Level 5 of the Dungeon
  5437 | D:5      | Found a sand-covered staircase.
  5442 | Ossuary  | Entered an ossuary
  5442 | Ossuary  | Noticed a wraith
  5442 | Ossuary  | Noticed a wraith
  5442 | Ossuary  | Noticed a wraith
  5459 | Ossuary  | Reached ** piety under Vehumet
  5471 | Ossuary  | Offered knowledge of Sandblast by Vehumet.
  5590 | Ossuary  | Noticed a wraith
  5628 | Ossuary  | Slain by a wraith

Vault maps used:
D:1:      tarquinn_simple_flora_water_e
D:2:      evilmike_ruin_ashenzari, grunt_temple_overflow_open,
          lemuel_zombie_altar_yredelemnul, first_bread, grunt_qazlal_clouds
D:3:      okawaru_trees_2, lemuel_doored_altar
D:4:      fedhas_altar_1, serial_shops, kennysheep_mini, guppyfry_early_orc_mine
D:5:      enter_ossuary_5, hex_medium, uniq_edmund, uniq_blork_the_orc,
          uniq_sigmund
Ossuary:  ossuary_due_mausoleum

Skill      XL: |  1  2  3  4  5  6  7 |
---------------+----------------------+-----
Conjurations   | 5 6 7 |  7.5
Spellcasting   | 3 4 5 |  5.0
Hexes          | 1 |  1.8
Dodging        | |  1.7
Stealth        | |  1.7

Action                   |  1- 3 |  4- 6 |  7- 9 || total
-------------------------+-------+-------+-------++-------
Melee: Unarmed           |     9 |       |       ||     9
       Tailslap          |     6 |       |     3 ||     9
       Whip              |    53 |       |       ||    53
       Quarterstaff      |       |     8 |    29 ||    37
 Cast: Magic Dart        |    90 |   127 |    64 ||   281
       Searing Ray       |       |     3 |     7 ||    10
 Abil: Breathe Steam     |       |       |     1 ||     1
  Use: Scroll            |     6 |     1 |     3 ||    10
       Potion            |       |     1 |     1 ||     2
  Eat: Chunk             |     4 |     7 |     5 ||    16
Armor: Skin              |    33 |    11 |    17 ||    61
Dodge: Dodged            |    50 |    18 |    39 ||   107
